Map: Radhuset Station LE

Players

Perceptor

  • Race: Terran Terran
  • League: Gold
  • Spawn Location: 7:00

SubN - Winner!

  • Race: Protoss Protoss
  • League: Diamond
  • Spawn Location: 1:00

VOD

Have the link to the VOD?

Description

Time

  • Played on: Dec. 31, 2023, 7:02 p.m.
  • Length: 15:20
Show
View Real Time Build Order
Export as new Build Order

Perceptor Terran 

Build Orders:  

Get SALT Encoding   

  12  0:02  SCV  
  14  0:14  SCV  
  14  0:26  Supply Depot, SCV  
  15  0:48  SCV  
  16  0:51  Barracks  
  16  1:00  SCV  
  17  1:20  SCV  
  17  1:23  Command Center  
  18  1:43  SCV  
  19  1:48  Bunker  
  19  1:52  Marine  
  20  1:55  SCV  
  21  2:02  Refinery  
  21  2:03  Refinery  
  21  2:08  SCV  
  22  2:11  Supply Depot  
  22  2:20  SCV  
  23  2:33  SCV  
  23  2:34  SCV  
  25  2:45  SCV  
  25  2:46  SCV  
  27  2:53  Factory  
  27  2:57  SCV  
  27  2:58  Marine  
  29  2:59  SCV  
  30  3:09  Engineering Bay, SCV  
  30  3:11  SCV  
  32  3:16  Marine  
  33  3:21  SCV  
  33  3:25  SCV  
  35  3:33  Marine  
  36  3:37  SCV  
  36  3:40  Orbital Command  
  37  3:41  Missile Turret  
  37  3:44  Starport  
  37  3:49  SCV  
  38  4:01  SCV  
  39  4:07  SCV  
  40  4:10  Refinery  
  40  4:12  Refinery  
  40  4:13  SCV  
  41  4:19  SCV  
  42  4:24  Starport Tech Lab  
  42  4:25  Fusion Core  
  42  4:29  Factory Tech Lab  
  43  4:34  Missile Turret  
  43  4:37  Orbital Command  
  43  4:38  SCV  
  43  4:44  Command Center  
  43  4:50  SCV  
  44  5:02  SCV  
  44  5:05  SCV  
  46  5:14  Supply Depot  
  46  5:26  Starport  
  46  5:29  Siege Tank, SCV x2  
  46  5:30  Supply Depot  
  46  5:35  Missile Turret, Battlecruiser  
  57  5:41  SCV  
  58  5:46  SCV  
  59  5:50  Marine  
  59  5:54  Armory  
  60  5:57  Weapon Refit  
  60  6:01  Supply Depot  
  60  6:07  SCV  
  60  6:10  Viking  
  63  6:18  SCV  
  63  6:23  Missile Turret  
  64  6:31  SCV  
  64  6:32  SCV  
  66  6:42  Starport Tech Lab  
  66  6:44  Sensor Tower  
  66  7:18  Battlecruiser  
  72  7:42  Battlecruiser  
  72  7:44  Thor  
  78  7:49  Supply Depot  
  78  7:51  Starport, Terran Ship Weapons Level 1  
  84  7:55  Armory  
  83  8:22  Battlecruiser  
  89  8:27  Refinery  
  89  8:30  Refinery  
  88  9:15  Battlecruiser  
  94  9:17  Starport Tech Lab  
  94  9:22  Orbital Command  
  94  9:29  SCV x2  
  96  9:41  SCV  
  97  9:49  SCV x2  
  99  10:02  Terran Vehicle And Ship Armor Level 1  
  99  10:04  Supply Depot  
  99  10:06  Terran Ship Weapons Level 2  
  99  10:09  Supply Depot  
  99  10:26  Battlecruiser  
  105  10:31  Battlecruiser  
  101  11:02  SCV x2  
  103  11:04  Command Center  
  103  11:14  SCV x2  
  105  11:21  Orbital Command, Battlecruiser  
  109  11:26  SCV  
  103  11:50  Starport Tech Lab  
  103  11:52  Siege Tank  
  106  12:02  SCV  
  106  12:03  Missile Turret, SCV x2  
  106  12:07  Marine  
  110  12:09  Missile Turret  
  110  12:15  SCV  
  111  12:16  Supply Depot  
  111  12:18  Missile Turret x2, Supply Depot, Battlecruiser  
  111  12:19  Battlecruiser  
  111  12:20  Terran Vehicle And Ship Armor Level 2  
  123  12:31  Refinery  
  123  12:36  Planetary Fortress  
  122  12:39  Missile Turret  
  122  12:42  Missile Turret  
  122  12:43  Missile Turret  
  122  12:45  Refinery  
  122  12:56  SCV  
  122  12:57  SCV  
  125  12:58  SCV  
  125  13:08  SCV  
  126  13:22  Missile Turret  
  123  13:28  Sensor Tower  
Show
View Real Time Build Order
Export as new Build Order

SubN Protoss - Winner!

Build Orders: Nexus First 

Get SALT Encoding   

  12  0:01  Probe  
  13  0:13  Probe  
  14  0:20  Pylon  
  14  0:25  Probe  
  15  0:38  Probe  
  16  0:50  Probe  
  17  1:02  Probe  
  18  1:04  Nexus  
  18  1:14  Probe  
  18  1:18  Gateway  
  19  1:26  Probe  
  19  1:27  Assimilator  
  20  1:42  Pylon  
  20  1:50  Gateway  
  20  1:58  Probe, Assimilator  
  21  2:04  Cybernetics Core  
  21  2:10  Probe  
  21  2:13  Cybernetics Core  
  22  2:21  Probe (Chrono Boost)  
  22  2:22  Probe (Chrono Boost)  
  24  2:33  Probe (Chrono Boost)  
  24  2:34  Probe (Chrono Boost)  
  26  2:40  Probe (Chrono Boost)  
  26  2:41  Probe (Chrono Boost)  
  28  2:46  Pylon  
  28  2:49  Assimilator  
  28  2:50  Stalker  
  30  2:54  Warp Gate, Assimilator  
  30  3:00  Stalker  
  30  3:04  Probe (Chrono Boost)  
  33  3:06  Probe (Chrono Boost)  
  34  3:15  Probe (Chrono Boost)  
  34  3:17  Probe (Chrono Boost)  
  36  3:31  Pylon  
  36  3:33  Pylon  
  36  3:40  Zealot  
  40  3:41  Zealot  
  40  3:44  Probe  
  40  3:45  Probe  
  42  3:49  Pylon  
  42  3:56  Probe  
  42  3:57  Probe  
  42  4:01  Pylon  
  44  4:08  Probe  
  44  4:09  Probe  
  46  4:13  Robotics Facility  
  46  4:16  Robotics Facility  
  46  4:20  Probe  
  46  4:24  Twilight Council  
  47  4:28  Pylon, Forge  
  47  4:30  Probe  
  48  4:32  Probe  
  49  4:42  Probe  
  49  4:43  Sentry  
  49  4:44  Sentry  
  49  4:45  Probe  
  55  4:54  Probe  
  55  4:57  Probe  
  57  5:02  Nexus  
  57  5:09  Pylon  
  57  5:13  Probe x2  
  59  5:14  Pylon  
  59  5:15  Protoss Ground Weapons Level 1  
  59  5:19  Charge  
  59  5:27  Forge  
  59  5:31  Templar Archives  
  59  5:32  Probe  
  59  5:34  Probe  
  63  5:44  Observer x2  
  63  5:46  Zealot x2  
  67  6:26  Immortal  
  67  6:27  Immortal  
  75  6:33  Psionic Storm  
  75  6:36  Robotics Bay  
  75  6:37  Pylon x2  
  75  6:44  Probe x3  
  78  6:55  Assimilator  
  78  6:56  Probe x2  
  78  6:57  Probe, Assimilator  
  78  7:00  Pylon  
  81  7:03  Pylon  
  81  7:05  Photon Cannon, Warp Prism  
  81  7:06  Photon Cannon  
  80  7:08  Probe x2  
  80  7:11  Photon Cannon  
  80  7:13  Stalker  
  80  7:14  Stalker  
  86  7:19  Blink  
  86  7:40  Gateway  
  86  7:42  Gateway  
  86  7:46  Gateway, Zealot x2  
  86  7:49  Gateway  
  90  7:51  Gateway  
  90  7:59  Colossus  
  90  8:00  Colossus  
  90  8:01  Probe  
  90  8:02  Probe  
  90  8:04  Probe  
  105  8:18  Protoss Ground Armor Level 1, Protoss Ground Weapons Level 2  
  105  8:20  Extended Thermal Lance  
  105  8:23  Probe x3  
  102  8:41  High Templar x2  
  106  8:49  High Templar  
  106  8:56  Archon  
  100  9:07  Stalker x3  
  100  9:08  Stalker  
  106  9:18  Nexus  
  106  9:24  Pylon  
  106  9:26  Pylon, Probe  
  106  9:27  Probe x2  
  106  9:29  Pylon  
  109  9:33  Pylon  
  109  9:37  Pylon  
  109  9:38  Probe  
  109  9:39  Probe x2, Assimilator  
  109  9:41  Assimilator  
  109  9:44  Stalker x2  
  109  9:45  Stalker x3  
  122  9:48  High Templar x2  
  122  9:50  Probe  
  122  9:51  Probe x2  
  129  9:54  Archon  
  129  10:00  Gravitic Drive  
  129  10:03  Probe x3  
  129  10:06  Colossus  
  132  10:11  Colossus  
  144  10:15  Probe x3 (Chrono Boost)  
  147  10:25  Probe x3 (Chrono Boost)  
  150  10:30  Probe (Chrono Boost)  
  150  10:35  Zealot x5  
  157  10:36  Zealot x2  
  165  10:57  Gravitic Boosters  
  165  11:06  Stalker x5  
  165  11:07  Stalker x2  
  157  11:35  High Templar x3  
  157  11:36  High Templar x3  
  161  11:43  Probe x4  
  165  11:55  Nexus  
  165  11:59  Pylon  
  165  12:02  Pylon  
  165  12:04  Pylon  
  165  12:06  Pylon  
  165  12:09  Pylon  
  165  12:11  Pylon  
  165  12:12  Probe x3  
  165  12:15  Assimilator  
  168  12:17  Assimilator, High Templar x4  
  168  12:18  High Templar x2  
  180  12:23  Archon x3  
  180  12:25  Zealot  
  180  12:27  Protoss Ground Weapons Level 3 (Chrono Boost)  
  180  12:28  Gateway, Protoss Ground Armor Level 2 (Chrono Boost)  
  182  12:30  Gateway  
  182  12:32  Gateway  
  182  12:35  Gateway  
  172  12:38  Gateway  
  172  12:39  Pylon  
  172  12:43  Pylon  
  171  12:45  Pylon  
  171  12:48  Pylon  
  171  12:52  Photon Cannon  
  171  12:57  Photon Cannon  
  171  12:58  Pylon  
  171  13:00  Photon Cannon  
  171  13:01  Pylon  
  171  13:03  Pylon  
  171  13:04  Stalker x4  
  171  13:05  Stalker x3  
  183  13:10  Immortal  
  183  13:11  Immortal, Photon Cannon  
  193  13:14  Photon Cannon  
  193  13:18  Photon Cannon  
  174  13:39  High Templar x5  
  174  13:40  High Templar  
  178  13:42  Zealot x3  
  178  13:43  Zealot x3  
  190  13:55  Archon x5  
  188  13:56  Archon  
  188  14:04  Stalker x3  
  188  14:05  Stalker x3  
  193  14:11  Probe x4  
  193  14:14  High Templar x3  
  195  14:31  Zealot x2  
  155  14:59  Stalker x7  
  159  15:00  Stalker x5  
Tags
 
Add a new tag
Caveats
  • Supply blocks, unpowered buildings, or Contaminate may cause inaccurate times.
  • Supply counts are checked every 10 seconds.